 Dungeon Crawl Stone Soup version 0.28-a0-1613-gdaab1c2f9b (webtiles) character file.

Game seed: 353186049882172673

1 hashsling the Insei (level 1, -2/15 HPs)
             Began as a Merfolk Transmuter on Jan 21, 2022.
             Slain by a kobold (4 damage)
             ... on level 1 of the Dungeon.
             The game lasted 00:01:46 (168 turns).

hashsling the Insei (Merfolk Transmuter)             Turns: 168, Time: 00:01:46

Health: -2/15      AC:  2    Str: 10    XL:     1   Next: 20%
Magic:  2/3        EV: 12    Int: 12    God:
Gold:   0          SH:  0    Dex: 14    Spells: 3/4 levels left

rFire   . . .      SeeInvis .     - Unarmed
rCold   . . .      Faith    .   (no shield)
rNeg    . . .      Spirit   .   a - +0 robe
rPois   .          Reflect  .   (helmet currently unavailable)
rElec   .          Harm     .   (no cloak)
rCorr   .          Rampage  .   (no gloves)
Will    .....                   (boots currently unavailable)
Stlth   +.........              (no amulet)
HPRegen 0.05/turn               (no ring)
MPRegen 0.08/turn               (no ring)

@: appendages
A: horns 2, (nimble swimmer 2), mertail
a: End Transformation


You were on level 1 of the Dungeon.
You had temporarily grown beastly horns.
You visited 1 branch of the dungeon, and saw 1 of its levels.

Inventory:

Missiles
 b - 2 javelins
Armour
 a - a +0 robe (worn)
Magical Staves
 e - a staff of cold
Scrolls
 c - a scroll of magic mapping {unknown}
 d - a scroll of noise {unknown}
 f - a scroll of teleportation {unknown}
Potions
 g - a potion of magic {unknown}


   Skills:
 + Level 1.1 Fighting
 * Level 2.7 Dodging
 + Level 3.3 Unarmed Combat
 + Level 2.0 Spellcasting
 * Level 2.7 Transmutations


You had 3 spell levels left.
You knew the following spells:

 Your Spells              Type           Power      Damage    Failure   Level
a - Beastly Appendage     Tmut           14%        N/A       9%          1

Your spell library contained the following spells:

 Spells                   Type           Power      Damage    Failure   Level
 Wereblood                Tmut           7%         N/A       13%         2
 Spider Form              Tmut/Pois      4%         N/A       43%         3
 Ice Form                 Ice/Tmut       4%         N/A       83%         4


Dungeon Overview and Level Annotations

Branches:
Dungeon (1/15)

Altars:


Innate Abilities, Weirdness & Mutations

You have temporarily grown beastly horns.
((You are very nimble when in or above water. (Stealth+, EV+, Speed+++)))
Your lower body shifts to a powerful aquatic tail in water.


Message History

You closely miss the goblin. You headbutt the goblin.
You kill the goblin!
Your transformation is almost over.
Your horns disappear.
HP restored.
Found a crooked runed staff.
d - a scroll labelled UHAMETZ RUGYPY
Found a scroll labelled VEEDWI SERPHOSO.
You see here a staff of cold.
e - a staff of cold
f - a scroll labelled VEEDWI SERPHOSO
Okay, then.
Found 5 sling bullets.
Found a dagger.
Found a stone staircase leading down.
Found a hunting sling and a robe.
g - a fizzy grey potion A kobold comes into view.
It is wielding a +0 whip.
The kobold shouts!
The kobold throws a stone.
The stone barely misses you.
Found 9 gold pieces.
A kobold comes into view. It is wielding a +0 club.
You grow a pair of large bovine horns.
The kobold shouts!
The kobold throws a stone.
The stone hits you but does no damage.
The kobold throws a stone.
The stone hits you. The kobold barely misses you.
The kobold throws a stone.
The stone hits you.
You see here a +0 hunting sling.
You closely miss the kobold. The kobold hits you with a +0 whip.
You miss the kobold. Your headbutt misses the kobold.
The kobold hits you with a +0 whip.
You hit the kobold.
The kobold is moderately wounded.
The kobold hits you with a +0 whip.
* * * LOW HITPOINT WARNING * * *
The kobold closely misses you.
You barely miss the kobold. You headbutt the kobold.
You kill the kobold!
The kobold hits you with a +0 club.
You die...

#.........# #.........#
#...$.....# #.........#
#.........# #.........#
#...)K....# #.[..@....#
#.........#
............#####
####............# #.
......................#
... ................>....#
...#......#.............#
###.#.#....#.............#
.........(.#.............#


You could see a kobold.

Vanquished Creatures
  A ball python (D:1)
  A goblin (D:1)
  A kobold (D:1)
3 creatures vanquished.

Notes
Turn   | Place    | Note
-------+----------+-------------------------------------------
     0 | D:1      | hashsling the Merfolk Transmuter began the quest for the
                  | Orb.
     0 | D:1      | Reached XP level 1. HP: 15/15 MP: 3/3
   168 | D:1      | Slain by a kobold

Illustrated notes

Levels and vault maps discovered:
D:1:      saegor_arrival_simple_b, layout_basic, chequers_decorated_corner,
          minmay_crystal_room

Action                   || total
-------------------------++-------
Melee: Unarmed           ||    10
       Headbutt          ||     2
 Cast: Beastly Appendage ||     3
Armor: Robe              ||     2
Dodge: Dodged            ||     5

Table legend: (Time is in decaauts)
 A = Elapsed time spent in this place.
 B = Non-inter-level travel time spent in this place.
 C = Inter-level travel time spent in this place.
 D = Time resting spent in this place.
 E = Time spent auto-exploring this place.
 F = Levels seen in this place.
 G = Mean time per level.
                   A        B        C        D        E       F      G
               +--------+--------+--------+--------+--------+-----+--------+
         Total |    167 |    167 |      0 |      0 |    118 |   1 |  167.0 |
       Dungeon |    167 |    167 |      0 |      0 |    118 |   1 |  167.0 |
               +--------+--------+--------+--------+--------+-----+--------+

Top non-repeatable levels by time:
     D:1: 167 daAuts
